 Dungeon Crawl Stone Soup version 0.25.1-2-g60ff931df9 (webtiles) character file.

Game seed: 17401875817914976401

76113 lepoulpe303 the Fighter (level 15, -10/122 HPs)
             Began as a Green Draconian Fighter on Oct 14, 2020.
             Was the Champion of Hepliaklqana.
             Killed by divine providence
             ... invoked by a meliai
              (12 damage)
             ... on level 13 of the Dungeon.
             The game lasted 01:36:09 (26121 turns).

lepoulpe303 the Fighter (Green Draconian Fighter)  Turns: 26121, Time: 01:36:09

Health: -10/122    AC: 15    Str: 26    XL:     15   Next: 11%
Magic:  0/24       EV: 15    Int: 16    God:    Hepliaklqana [******]
Gold:   2377       SH: 27    Dex: 11    Spells: 22/26 levels left

rFire    . . .     SeeInvis +   M - +7 long sword of the Smoking Seer {freeze, rElec}
rCold    + . .     Gourm    .   y - +0 tower shield of Hairiness {*Contam rElec Regen+ SInv} (curse)
rNeg     . . .     Faith    .   (armour unavailable)
rPois    +         Spirit   +   (helmet restricted)
rElec    +         Reflect  .   (no cloak)
rCorr    .         Harm     .   r - +2 pair of gloves
MR       +....     Clarity  +   j - +2 pair of boots
Stlth    +.........             k - brooch of Shielding {Spirit SH+8}
HPRegen  0.70/turn              x - ring of Zitoorhy {Wiz Str+3}
MPRegen  0.19/turn              N - +6 ring of intelligence

@: invisible
A: breathe noxious fumes, unfitting armour, reduced essence, stinger 1, clarity,
cold resistance 1, mutation resistance 1, poison resistance, cold-blooded,
MP-powered wands, AC +9
a: Breathe Noxious Fumes, Recall Ancestor, Ancestor Identity, Transference,
Idealise, Renounce Religion


You were on level 13 of the Dungeon.
You worshipped Hepliaklqana.
Hepliaklqana was exalted by your worship.
You were not hungry.

You visited 3 branches of the dungeon, and saw 21 of its levels.
You also visited: Bailey.

You collected 2911 gold pieces.
You spent 534 gold pieces at shops.

Inventory:

Hand Weapons
 a - the +9 scimitar of Change {drain, rC++}
   (You bought it in a shop on level 9 of the Dungeon)

   A truly terrible weapon, it drains the life of those it strikes.
   It greatly protects you from cold.
 b - a +1 rapier of holy wrath
 o - a +2 long sword of electrocution
 M - the +7 long sword of the Smoking Seer (weapon) {freeze, rElec}
   (You found it on level 13 of the Dungeon)

   It has been specially enchanted to freeze those struck by it, causing extra
   injury to most foes and up to half again as much damage against particularly
   susceptible opponents.
   It can also slow down cold-blooded creatures.
   It insulates you from electricity.
Missiles
 n - 7 boomerangs (quivered)
 Y - 41 javelins
Armour
 j - a +2 pair of boots (worn)
 r - a +2 pair of gloves (worn)
 y - the cursed +0 tower shield of Hairiness (worn) {*Contam rElec Regen+ SInv}
   (You found it on level 1 of the Lair of Beasts)

   It insulates you from electricity.
   It lets you see invisible.
   It causes magical contamination when unequipped.
   It increases your rate of regeneration.
   It has a curse placed upon it.
Jewellery
 k - the brooch of Shielding (around neck) {Spirit SH+8}
   (You found it on level 13 of the Dungeon)

   [amulet of guardian spirit]

   It causes incoming damage to be split between your health and magic.
   It affects your SH (+8).
 x - the ring of Zitoorhy (left hand) {Wiz Str+3}
   (You found it on level 1 of the Orcish Mines)

   [ring of wizardry]

   It improves your spell success rate.
   It affects your strength (+3).
 z - an uncursed amulet of reflection
 C - an uncursed ring of resist corrosion
 F - an uncursed ring of protection from fire
 H - the ring "Uhoolioz" {Ice Dex+4, unknown}
   (You found it on level 13 of the Dungeon)

   [ring of ice]

   It enhances your ice magic.
   It affects your dexterity (+4).
   It makes you vulnerable to fire.
   It protects you from cold.
 I - an uncursed ring of flight
 N - a +6 ring of intelligence (right hand)
 S - a +4 ring of protection
Wands
 E - a wand of enslavement (12)
 J - a wand of paralysis (12)
 K - a wand of flame (37)
 V - a wand of iceblast (18)
 X - a wand of polymorph (9)
Scrolls
 f - a scroll of fog
 g - 6 scrolls of fear
 i - 2 scrolls of identify
 t - 9 scrolls of teleportation
 w - 6 scrolls of remove curse
 B - a scroll of blinking {!r}
 O - a scroll of magic mapping {!r}
 Z - a scroll of silence
Potions
 c - 5 potions of lignification {!q}
 d - 7 potions of might
 h - 4 potions of haste
 l - 5 potions of heal wounds
 m - 2 potions of invisibility
 p - a potion of berserk rage {!q}
 q - 4 potions of curing
 u - a potion of magic
 v - 4 potions of ambrosia
 A - 3 potions of mutation {!q}
 D - 7 potions of flight
 G - 3 potions of brilliance
Miscellaneous
 s - a lightning rod (4/4)
 L - a phantom mirror
 Q - a tin of tremorstones (3/3)
 U - a box of beasts
Comestibles
 e - 31 rations
 P - 4 chunks of flesh


   Skills:
 * Level 13.3 Fighting
 * Level 12.2 Long Blades
 * Level 0.3 Throwing
 + Level 11.0 Dodging
 * Level 12.5 Shields
 - Level 6.1 Spellcasting
 - Level 5.5 Transmutations
 + Level 10.8 Invocations


You had 22 spell levels left.
You knew the following spells:

 Your Spells              Type           Power        Failure   Level  Hunger
s - Sticks to Snakes      Tmut           ###.....     4%          2    #......
w - Passwall              Tmut/Erth      ##......     13%         2    #......

Your spell library contained the following spells:

 Spells                   Type           Power        Failure   Level  Hunger
 Beastly Appendage        Tmut           ###...       2%          1    None
 Foxfire                  Conj/Fire      #...         26%         1    None
 Shock                    Conj/Air       #...         26%         1    None
 Summon Small Mammal      Summ           #...         26%         1    None
 Spider Form              Tmut/Pois      ##........   26%         3    ##.....
 Ignite Poison            Fire/Tmut/Pois ##......     34%         3    ##.....
 Call Imp                 Summ           #.......     38%         2    #......
 Slow                     Hex            #.......     38%         2    #......
 Swiftness                Chrm/Air       #.......     38%         2    #......
 Call Canine Familiar     Summ           #.......     58%         3    ##.....
 Confusing Touch          Hex            #.......     58%         3    ##.....
 Conjure Flame            Conj/Fire      #.......     58%         3    ##.....
 Inner Flame              Hex/Fire       #.......     58%         3    ##.....
 Static Discharge         Conj/Air       #.......     58%         3    ##.....
 Summon Guardian Golem    Hex/Summ       #.......     58%         3    ##.....
 Blade Hands              Tmut           ###.......   58%         5    ######.
 Ice Form                 Ice/Tmut       ##......     61%         4    ####...
 Airstrike                Air            #.........   92%         4    ####...
 Passage of Golubria      Tloc           N/A          92%         4    ####...
 Sticky Flame             Conj/Fire      #.......     92%         4    ####...
 Summon Ice Beast         Ice/Summ       #.......     92%         4    ####...
 Summon Lightning Spire   Summ/Air       #.......     92%         4    ####...
 Bolt of Magma            Conj/Fire/Erth #.........   99%         5    ######.
 Fireball                 Conj/Fire      #.........   99%         5    ######.
 Iskenderun's Battlesphe  Conj/Chrm      #.......     99%         5    ######.
 Lee's Rapid Deconstruct  Erth           #.........   99%         5    ######.
 Lightning Bolt           Conj/Air       #.........   99%         5    ######.
 Darkness                 Hex            #.........   100%        6    #######
 Invisibility             Hex            #.......     100%        6    #######
 Iron Shot                Conj/Erth      #.........   100%        6    #######
 Starburst                Conj/Fire      #.........   100%        6    #######
 Statue Form              Tmut/Erth      ##.......    100%        6    #######
 Orb of Destruction       Conj           #.........   100%        7    #######
 Ring of Flames           Chrm/Fire      #.........   100%        7    #######
 Spellforged Servitor     Conj/Summ      #.........   100%        7    #######
 Ignition                 Fire           #.........   100%        8    #######


Dungeon Overview and Level Annotations

Branches:
Dungeon (13/15)            Temple (0/1) D:4            Lair (6/6) D:9
  Swamp (0/4) Lair:3        Snake (0/4) Lair:4        Slime (0/5) Lair:6
    Orc (2/2) D:12            Elf (0/3) Orc:2        Bailey (visited)
 Vaults: D:13-14

Altars:
Cheibriados
Elyvilon
Fedhas
Gozag
Hepliaklqana
Nemelex Xobeh
Okawaru
Ru
Trog
Uskayaw
Vehumet
Wu Jian
Yredelemnul
Beogh
Jiyva

Shops:
D:9 (   Orc:2 !%(?

Annotations:
D:5 exclusion: statue
D:13 Frances


Innate Abilities, Weirdness & Mutations

You can breathe blasts of noxious fumes.
Your lurid green scales are hard. (AC +9)
You cannot fit into any form of body armour.
Your tail ends in a poisonous barb.
Your system is resistant to poisons. (rPois)
You are cold-blooded and may be slowed by cold attacks.
Your life essence is reduced to manifest your ancestor. (-10% HP)
You possess an exceptional clarity of mind.
Your flesh is cold resistant. (rC+)
You are somewhat resistant to further mutation.
You expend magic power (3 MP) to strengthen your wands.


Message History

The wraith hits Amnanu.
You take 20 damage, and have 27/122 hp.
You now have 5/24 mp.
You slash Frances! You freeze Frances.
Frances whispers indecipherable words.
The shard of ice hits you!! You partially resist.
* * * LOW MAGIC WARNING * * *;
* * * LOW HITPOINT WARNING * * *
You block the ice devil's attack.
Amnanu completely misses the wraith.
You block the orange demon's attack. x2; The wraith hits Amnanu.
You take 26 damage, and have 1/122 hp.
MASSIVE DAMAGE!!
You now have 0/24 mp.
You fade into invisibility!
You block Frances's attack.
Frances hits Amnanu with a +2 hand axe of flaming!
Frances burns Amnanu.
Amnanu is destroyed!
The meliai invokes the aid of its god against you.
Something smites you!
* * * LOW MAGIC WARNING * * *
You die...

### ## .... ..
#... ...## .##
..... .....# ..#
#..## ..##..##.#
..### ..###yo#.#
.## ..W###W#.#
.##9 #...##@).#
###. ##..###@4#
##.. ..##.D##.4#
##.. ...##..##.##
##. ....##..##.#
##..##[...##..##.#
###..##..##..###.#
.##...#.D#..)##..#
.###........###.##
..####yDy.####..#


You could see Frances (fast, poisoned, drained), a fire dragon, an orange demon
(summoned), an ice devil (summoned), a wraith, a meliai and an orc.

Levels and vault maps discovered:
D:1:      kilobyte_arrival_exit_the_forest, layout_loops_ring
D:2:      layout_basic, minmay_goblin_outpost
D:3:      layout_loops_corners, overflow_temple_1_default,
          overflow_temple_1_default, chequers_ecumenical_altar_simple_redux,
          first_ration
D:4:      layout_basic, minmay_temple_entry_proselytizer,
          nicolae_ru_great_annihilating_truth
D:5:      layout_rooms, vehumet_statue, roderic_batcave,
          hangedman_abyss_or_decor_passed, grunt_ministairs_4, bloody_trog
D:6:      layout_basic, uniq_duvessa, uniq_prince_ribbit1, uniq_eustachio
D:7:      layout_basic, minitemple, basic_altar, st_stairs_12, chequers_garden
D:8:      layout_cave_pools, nemelex_xobeh_ov_fountains_minmay
D:9:      layout_roguey, lemuel_crystal_altar, erik_lair_island, serial_shops,
          shop, blue_anna_alchemist [blue_anna_fruit_fields,
          blue_anna_fruit_fields], chequers_decorated_corner, chequers_jeans,
          grunt_decor_mini_mirrors
D:10:     layout_basic, hex_medium, minmay_misc_feat_ornament,
          kennysheep_small_spiral, fedhas_altar_decomposition
D:11:     layout_stronghold, enter_bailey_3, uniq_sonja
D:12:     layout_rooms, david_orc_5, minivault_16
D:13:     minmay_strange_plus, layout_basic, david_vaults_5,
          minmay_mirror_moons_of_madness, uniq_frances, uniq_urug
Lair:1:   layout_roguey, basic_altar, kennysheep_rathole
Lair:2:   wad_woods_minihive, layout_cave_pods, serial_bayou_shore_a,
          infiniplex_staircase_pool_2
Lair:3:   layout_chaotic_city, swamp_mist
Lair:4:   layout_cave_pods, guppyfry_snake_entry_island, wad_woods_06,
          roderic_carrion_pond, uniq_rupert, uniq_snorg
Lair:5:   layout_cave_pods, chequers_serial_rivers_micro_d
Lair:6:   due_jungle_book, layout_big_grid, dpeg_slime_entry_enclosed_altar,
          grunt_megastairs_4
Orc:1:    giant_chief_lemuel, layout_diamond_mine, basic_altar, uniq_josephine
Orc:2:    st_orc_rangers, layout_caves

Notes
Turn   | Place    | Note
-------+----------+-------------------------------------------
     0 | D:1      | lepoulpe303 the Draconian Fighter began the quest for the
                  | Orb.
     0 | D:1      | Reached XP level 1. HP: 19/19 MP: 1/1
    12 | D:1      | Identified a +0 club
    72 | D:1      | Identified a +0 club
   117 | D:1      | Identified a +0 club
   401 | D:1      | Reached XP level 2. HP: 24/26 MP: 2/2
   546 | D:1      | Identified a +0 pair of boots (You found it on level 1 of
                  | the Dungeon)
   697 | D:1      | Identified a cursed -1 dagger
  1014 | D:2      | Reached skill level 3 in Dodging
  1178 | D:2      | Reached XP level 3. HP: 33/33 MP: 3/3
  1198 | D:2      | Identified a +0 club
  1216 | D:2      | Identified a +0 pair of gloves (You found it on level 2 of
                  | the Dungeon)
  1318 | D:2      | Identified a +0 short sword
  1521 | D:2      | Reached XP level 4. HP: 40/40 MP: 4/4
  1565 | D:2      | Identified a +0 dagger
  1643 | D:2      | Identified a +0 club
  1783 | D:2      | Identified a +0 dagger
  1783 | D:2      | Identified a +0 dagger
  1783 | D:2      | Identified a +0 dagger
  1783 | D:2      | Identified a +0 dagger
  1784 | D:2      | Identified a +0 hunting sling
  1784 | D:2      | Identified a +0 club
  1784 | D:2      | Identified a +0 dagger
  1784 | D:2      | Identified a +0 club
  1863 | D:1      | Identified a cursed -3 hunting sling (You found it on level
                  | 1 of the Dungeon)
  1864 | D:1      | Identified 2 scrolls of teleportation
  1865 | D:1      | Identified 3 scrolls of identify
  1865 | D:1      | Identified a scroll of enchant weapon
  1866 | D:1      | Identified a scroll of amnesia
  1867 | D:1      | Identified a scroll of noise
  1868 | D:1      | Identified a scroll of remove curse
  2015 | D:2      | Identified a +1 long sword
  2105 | D:2      | Reached skill level 4 in Fighting
  2410 | D:3      | Found a faded altar of an unknown god.
  2421 | D:3      | Identified a +0 dagger
  2523 | D:3      | Identified a +0 club
  2604 | D:3      | Identified a +0 chain mail
  2691 | D:3      | Identified a +0 whip
  2714 | D:3      | Found a snail-covered altar of Cheibriados.
  2732 | D:3      | Found a hazy altar of Hepliaklqana.
  2732 | D:3      | Identified a +0 dagger
  2746 | D:3      | Became a worshipper of Hepliaklqana the Forgotten
  2818 | D:3      | Reached skill level 3 in Long Blades
  3187 | D:3      | Identified a cursed +0 club
  3322 | D:4      | Identified a +0 giant spiked club
  3322 | D:4      | Noticed an ogre
  3328 | D:4      | Reached XP level 5. HP: 36/41 MP: 5/5
  3386 | D:4      | Reached skill level 1 in Invocations
  3593 | D:4      | Identified a +0 dagger
  3597 | D:4      | Identified a +0 flail
  3617 | D:4      | Reached skill level 4 in Shields
  3765 | D:4      | Identified a +0 hand axe
  3808 | D:4      | Identified a +0 giant spiked club
  3808 | D:4      | Noticed an ogre
  3867 | D:4      | Killed an ogre
  3867 | D:4      | Reached XP level 6. HP: 47/47 MP: 7/7
  3889 | D:4      | Found a staircase to the Ecumenical Temple.
  3889 | D:4      | Identified a +0 flail
  4108 | D:4      | Reached skill level 4 in Dodging
  4108 | D:4      | Reached skill level 2 in Invocations
  4434 | D:4      | Identified a +0 giant spiked club
  4443 | D:4      | Reached skill level 5 in Fighting
  4443 | D:4      | Your scales start taking on a lurid green colour.
  4443 | D:4      | Reached XP level 7. HP: 54/54 MP: 8/8
  4443 | D:4      | Gained mutation: Your system is resistant to poisons.
                  | (rPois) [Green Draconian growth]
  4503 | D:4      | Found a sacrificial altar of Ru.
  4503 | D:4      | Identified a +0 club
  4530 | D:4      | Identified a +0 club
  4782 | D:5      | Entered Level 5 of the Dungeon
  4838 | D:5      | Reached skill level 4 in Long Blades
  4838 | D:5      | Identified a +0 giant club
  4840 | D:5      | Identified a cursed -3 club
  4853 | D:5      | Identified a +0 spear
  4857 | D:5      | Identified a +0 flail
  4858 | D:5      | Identified a +1 vorpal flail
  4860 | D:5      | Reached skill level 3 in Invocations
  5218 | D:5      | Identified a +0 shortbow
  5259 | D:5      | Reached * piety under Hepliaklqana
  5358 | D:5      | Identified a +2 spear of freezing
  5358 | D:5      | Identified a +0 spear
  5368 | D:5      | Reached skill level 5 in Shields
  5449 | D:5      | Identified a +0 robe
  5450 | D:5      | Identified a +0 hand axe
  5453 | D:5      | Identified a +0 short sword
  5462 | D:5      | Identified a +0 flail
  5472 | D:5      | Identified a +0 flail
  5713 | D:5      | HP: 12/54 [sky beast (3)]
  5713 | D:5      | Reached XP level 8. HP: 7/63 MP: 10/10
  6076 | D:5      | Identified a +0 shortbow
  6085 | D:5      | Reached skill level 6 in Fighting
  6085 | D:5      | Reached skill level 5 in Dodging
  6085 | D:5      | Reached skill level 4 in Invocations
  6326 | D:5      | Reached skill level 5 in Long Blades
  6548 | D:5      | Found a bloodstained altar of Trog.
  6558 | D:5      | Found a radiant altar of Vehumet.
  6621 | D:6      | Identified a +0 dagger
  6621 | D:6      | Identified a +0 robe
  6621 | D:6      | Noticed Dowan
  6623 | D:6      | Identified a +0 short sword
  6623 | D:6      | Identified a +3 leather armour
  6623 | D:6      | Noticed Duvessa
  6630 | D:6      | Killed Dowan
  6643 | D:6      | Killed Duvessa
  6914 | D:6      | Noticed Prince Ribbit
  6914 | D:6      | Identified a +0 falchion
  6914 | D:6      | Identified a +2 leather armour of cold resistance
  6914 | D:6      | Noticed Eustachio
  6943 | D:5      | Killed Eustachio
  7026 | D:6      | Killed Prince Ribbit
  7026 | D:6      | Reached skill level 6 in Shields
  7026 | D:6      | Reached skill level 5 in Invocations
  7124 | D:6      | Reached XP level 9. HP: 70/70 MP: 12/12
  7241 | D:6      | Identified a +0 shortbow
  7487 | D:6      | Identified a cursed -1 giant spiked club
  7500 | D:6      | Reached skill level 7 in Fighting
  7795 | D:6      | Identified a +0 leather armour
  7826 | D:6      | Reached skill level 6 in Long Blades
  7833 | D:6      | Identified an amulet of reflection (You found it on level 6
                  | of the Dungeon)
  7835 | D:6      | Identified a ring of protection from fire (You found it on
                  | level 4 of the Dungeon)
  7836 | D:6      | Identified 3 scrolls of fear
  7855 | D:7      | Identified a +0 mace
  7855 | D:7      | Identified a +0 leather armour
  7855 | D:7      | Identified a +0 dagger
  7855 | D:7      | Identified a +0 robe
  7855 | D:7      | Identified a +0 shortbow
  7856 | D:7      | Identified a +0 club
  7856 | D:7      | Identified a +0 ring mail
  7945 | D:7      | Reached skill level 6 in Dodging
  8180 | D:7      | Identified a +0 ring mail
  8181 | D:7      | Identified a +0 dagger
  8181 | D:7      | Identified a +0 leather armour
  8181 | D:7      | Identified a cursed -2 club
  8181 | D:7      | Identified a +0 ring mail
  8181 | D:7      | Identified a +0 ring mail
  8181 | D:7      | Identified a +0 whip
  8181 | D:7      | Identified a +0 ring mail
  8470 | D:7      | Found an iron altar of Okawaru.
  8575 | D:7      | Found an opulent altar of Gozag.
  8577 | D:7      | Found a basalt altar of Yredelemnul.
  8581 | D:7      | Found a hide-covered altar of Uskayaw.
  8745 | D:8      | Identified a +0 giant spiked club
  8762 | D:8      | Reached skill level 6 in Invocations
  8800 | D:8      | Reached ** piety under Hepliaklqana
  8801 | D:8      | Remembered your ancestor Amnanu as a hexer
  8801 | D:8      | Identified a +0 dagger of draining
  8940 | D:8      | Found a sparkling altar of Nemelex Xobeh.
  8945 | D:8      | Identified a +0 spear
  8945 | D:8      | Identified a +0 flail
  8947 | D:8      | Identified a +0 halberd
  8951 | D:8      | Reached skill level 7 in Shields
  9056 | D:8      | Identified a +0 trident
  9057 | D:8      | Identified a +2 mace of protection
  9057 | D:8      | Identified a +0 plate armour
  9057 | D:8      | Identified a +0 flail
  9057 | D:8      | Identified a +0 leather armour
  9057 | D:8      | Identified a +0 trident
  9098 | D:8      | Identified a +0 dagger of draining
  9411 | D:9      | Identified a ring of flight (You found it on level 9 of the
                  | Dungeon)
  9431 | D:9      | Found a staircase to the Lair.
  9435 | D:9      | Noticed a troll
  9659 | D:9      | Found a white marble altar of Elyvilon.
  9678 | D:9      | Reached XP level 10. HP: 79/79 MP: 14/14
  9848 | D:9      | Identified a +0 troll leather armour
  9848 | D:9      | Reached skill level 8 in Fighting
  9848 | D:9      | Reached skill level 7 in Long Blades
  9964 | D:9      | Identified a +0 dagger
  9981 | D:9      | Identified a +0 short sword
 10104 | D:9      | Reached skill level 7 in Invocations
 10265 | D:9      | Reached skill level 7 in Dodging
 10384 | D:9      | Identified a +0 short sword
 10450 | D:9      | Identified a +0 troll leather armour
 10593 | D:9      | Identified a +0 trident
 10593 | D:9      | Identified a +0 plate armour
 10593 | D:9      | Identified a +0 dagger
 10593 | D:9      | Identified a +0 robe
 10593 | D:9      | Identified a +0 mace
 10593 | D:9      | Identified a +1 short sword of electrocution
 10593 | D:9      | Identified a +0 leather armour
 10692 | D:9      | Found Jeesemim's Antique Weapon Emporium.
 10701 | D:9      | Bought a crystal scimitar for 252 gold pieces
 10701 | D:9      | Identified the +9 scimitar of Change {drain, rC++} (You
                  | bought it in a shop on level 9 of the Dungeon)
 10736 | D:9      | Identified a +0 giant club
 10795 | D:9      | Identified a +0 dagger
 10795 | D:9      | Identified a +0 robe
 10795 | D:9      | Identified a +2 dagger of speed
 10795 | D:9      | Identified a cursed +0 robe
 10796 | D:9      | Identified a +0 hand axe
 10802 | D:9      | Identified a +0 dagger
 10802 | D:9      | Identified a +0 robe
 10802 | D:9      | Identified a +0 whip
 11053 | D:9      | Identified 5 potions of curing
 11054 | D:9      | Identified 5 potions of lignification
 11055 | D:9      | Identified 4 potions of heal wounds
 11056 | D:9      | Identified 7 potions of degeneration
 11058 | D:9      | Identified 3 scrolls of blinking
 11062 | Lair:1   | Entered Level 1 of the Lair of Beasts
 11178 | Lair:1   | Reached skill level 8 in Shields
 11282 | Lair:1   | Found an ornate altar of the Wu Jian Council.
 11515 | Lair:1   | Reached skill level 9 in Fighting
 11582 | Lair:1   | Got a faintly humming tower shield
 11593 | Lair:1   | Identified the cursed +0 tower shield of Hairiness {*Contam
                  | rElec Regen+ SInv} (You found it on level 1 of the Lair of
                  | Beasts)
 11594 | Lair:1   | Identified a ring of intelligence (You found it on level 9
                  | of the Dungeon)
 11598 | Lair:1   | Learned a level 2 spell: Sticks to Snakes
 11598 | Lair:1   | Reached *** piety under Hepliaklqana
 12029 | Lair:1   | Reached XP level 11. HP: 81/87 MP: 16/16
 12179 | Lair:2   | Reached skill level 8 in Long Blades
 12214 | Lair:2   | Reached skill level 8 in Invocations
 12219 | Lair:2   | Identified a +0 dagger of draining
 12379 | Lair:2   | Reached skill level 1 in Spellcasting
 12519 | Lair:2   | Reached skill level 8 in Dodging
 12647 | Lair:2   | Identified a +0 short sword
 12647 | Lair:2   | Identified a +0 robe
 12647 | Lair:2   | Identified a +0 buckler
 12647 | Lair:2   | Identified a +0 short sword
 12647 | Lair:2   | Identified a +0 robe
 12647 | Lair:2   | Identified a +0 short sword
 12647 | Lair:2   | Identified a +0 robe
 12647 | Lair:2   | Identified a +0 buckler
 12656 | Lair:2   | Identified a +0 rapier
 12656 | Lair:2   | Identified a +0 robe
 12656 | Lair:2   | Identified a +0 buckler
 12657 | Lair:2   | Identified a +0 short sword
 12657 | Lair:2   | Identified a +0 robe
 12657 | Lair:2   | Identified a +0 buckler
 12741 | Lair:2   | Reached skill level 9 in Shields
 12993 | Lair:2   | Identified a +0 short sword of venom
 12993 | Lair:2   | Identified a cursed +0 robe
 13454 | Lair:3   | Found a staircase to the Swamp.
 13550 | Lair:3   | Reached **** piety under Hepliaklqana
 13555 | Lair:3   | Reached skill level 2 in Spellcasting
 13843 | Lair:3   | Reached skill level 10 in Fighting
 13844 | Lair:3   | Reached skill level 9 in Long Blades
 13857 | Lair:3   | Identified a +0 dagger of draining
 14287 | Lair:4   | Noticed an eight-headed hydra
 14296 | Lair:4   | Killed an eight-headed hydra
 14415 | Lair:4   | Noticed a four-headed hydra
 14425 | Lair:4   | Reached XP level 12. HP: 58/95 MP: 18/18
 14439 | Lair:4   | Killed a four-headed hydra
 14441 | Lair:4   | HP: 13/95 [spiny frog (25)]
 14474 | Lair:4   | HP: 18/95 [spiny frog (19)]
 14476 | Lair:4   | HP: 5/95 [spiny frog (15)]
 14485 | Lair:2   | Identified a +0 dagger of draining
 14727 | Lair:4   | Noticed Snorg
 14740 | Lair:4   | Killed Snorg
 14740 | Lair:4   | Reached skill level 9 in Dodging
 14740 | Lair:4   | Reached skill level 3 in Spellcasting
 14833 | Lair:4   | Noticed a six-headed hydra
 14844 | Lair:4   | Killed a six-headed hydra
 15007 | Lair:4   | Found a staircase to the Snake Pit.
 15007 | Lair:4   | Identified a +0 long sword
 15007 | Lair:4   | Identified a +0 robe
 15011 | Lair:4   | Learned a level 2 spell: Passwall
 15067 | Lair:4   | Reached skill level 9 in Invocations
 15069 | Lair:4   | Reached skill level 10 in Shields
 15310 | Lair:4   | Identified a +5 triple sword of holy wrath
 15310 | Lair:4   | Identified a +0 scale mail
 15310 | Lair:4   | Noticed Rupert
 15326 | Lair:4   | Killed Rupert
 15326 | Lair:4   | Reached skill level 1 in Transmutations
 15397 | Lair:4   | Reached skill level 11 in Fighting
 15548 | Lair:5   | Reached skill level 10 in Long Blades
 15603 | Lair:4   | Identified a +0 dagger of draining
 15853 | Lair:5   | Reached ***** piety under Hepliaklqana
 15965 | Lair:5   | Reached skill level 2 in Transmutations
 16233 | Lair:5   | Reached XP level 13. HP: 63/104 MP: 20/20
 16591 | Lair:6   | Entered Level 6 of the Lair of Beasts
 16640 | Lair:6   | Reached skill level 4 in Spellcasting
 16644 | Lair:6   | Identified 3 potions of invisibility
 16645 | Lair:6   | Identified a potion of berserk rage
 16646 | Lair:6   | Identified a potion of magic
 16665 | Lair:6   | Identified 3 potions of haste
 16666 | Lair:6   | Identified 7 potions of flight
 16667 | Lair:6   | Identified 3 potions of ambrosia
 16668 | Lair:6   | Identified 4 potions of mutation
 16669 | Lair:6   | Identified 3 potions of brilliance
 16753 | Lair:6   | Identified a +0 dagger of draining
 16794 | Lair:6   | HP: 18/104 [six-headed hydra (11)]
 17034 | Lair:6   | Reached skill level 10 in Dodging
 17080 | Lair:6   | Identified a +0 dagger of draining
 17173 | Lair:6   | Reached skill level 3 in Transmutations
 17423 | Lair:6   | Found a viscous altar of Jiyva.
 17423 | Lair:6   | Found a staircase to the Slime Pits.
 17526 | Lair:6   | Identified 3 scrolls of enchant armour
 17552 | Lair:6   | Identified the Reference Book on Dusty Enchantment
 17598 | Lair:6   | Reached skill level 11 in Shields
 17769 | Lair:6   | Noticed a dire elephant
 17769 | Lair:6   | Noticed a dire elephant
 17777 | Lair:6   | Noticed a dire elephant
 17785 | Lair:6   | HP: 26/105 [dire elephant (3)]
 17853 | Lair:6   | Identified a +0 dagger of draining
 17953 | Lair:6   | Killed a dire elephant
 18006 | Lair:6   | Killed a dire elephant
 18036 | Lair:6   | Killed a dire elephant
 18113 | Lair:6   | Identified a +1 rapier of draining (You found it on level 6
                  | of the Lair of Beasts)
 18275 | D:9      | Identified 3 scrolls of immolation
 18277 | D:9      | Gained mutation: You possess an exceptional clarity of
                  | mind. [potion of mutation]
 18277 | D:9      | Gained mutation: You expend magic power (3 MP) to
                  | strengthen your wands. [potion of mutation]
 18277 | D:9      | Gained mutation: Your flesh is cold resistant. (rC+)
                  | [potion of mutation]
 18277 | D:9      | Gained mutation: You are somewhat resistant to further
                  | mutation. [potion of mutation]
 18292 | D:10     | Entered Level 10 of the Dungeon
 18292 | D:10     | Identified a +0 scale mail
 18313 | D:10     | Reached skill level 12 in Fighting
 18401 | D:10     | Identified a +0 glaive
 18401 | D:10     | Identified a +0 chain mail
 18403 | D:10     | Identified a +0 dagger
 18403 | D:10     | Identified a +0 leather armour of poison resistance
 18602 | D:10     | Identified a +0 giant club
 18602 | D:10     | Identified a +0 giant club
 18609 | D:10     | Reached skill level 11 in Long Blades
 18818 | D:10     | Found a blossoming altar of Fedhas.
 18888 | D:10     | Identified a +0 shortbow
 19141 | D:11     | Identified a +0 dagger
 19141 | D:11     | Identified a +0 club
 19141 | D:11     | Identified a +0 dagger
 19141 | D:11     | Identified a +0 whip
 19142 | D:11     | Identified a +0 dagger
 19152 | D:11     | Identified 2 scrolls of fog
 19153 | D:11     | Identified 2 scrolls of magic mapping
 19169 | D:11     | Reached skill level 10 in Invocations
 19210 | D:11     | Identified a +0 spear
 19210 | D:11     | Identified a +0 spear
 19211 | D:11     | Found a flagged portal.
 19211 | D:11     | Identified a +0 spear
 19211 | D:11     | Identified a +0 spear
 19222 | Bailey   | Entered a bailey
 19222 | Bailey   | Identified a +0 spear
 19222 | Bailey   | Identified a +0 chain mail
 19222 | Bailey   | Identified a +0 halberd
 19222 | Bailey   | Identified a +0 scale mail
 19222 | Bailey   | Identified a +0 spear
 19222 | Bailey   | Identified a +0 chain mail
 19222 | Bailey   | Identified a +0 halberd
 19222 | Bailey   | Identified a +0 scale mail
 19223 | Bailey   | Identified a +0 spear
 19223 | Bailey   | Identified a +0 chain mail
 19223 | Bailey   | Identified a +0 spear
 19223 | Bailey   | Identified a +0 chain mail
 19223 | Bailey   | Identified a cursed -1 spear
 19223 | Bailey   | Identified a +0 scale mail
 19230 | Bailey   | Identified a +0 halberd
 19230 | Bailey   | Identified a +0 chain mail
 19233 | Bailey   | Identified a +0 spear
 19233 | Bailey   | Identified a +0 scale mail
 19238 | Bailey   | Identified a +0 trident
 19238 | Bailey   | Identified a +0 chain mail
 19239 | Bailey   | Identified a +0 halberd
 19239 | Bailey   | Identified a +4 ring mail
 19244 | Bailey   | Identified a +0 halberd
 19244 | Bailey   | Identified a +0 scale mail
 19394 | Bailey   | Identified a +0 halberd
 19394 | Bailey   | Identified a +0 ring mail
 19395 | Bailey   | Identified a +0 halberd
 19395 | Bailey   | Identified a +0 chain mail
 19397 | Bailey   | Identified a +0 halberd
 19397 | Bailey   | Identified a +0 chain mail
 19417 | Bailey   | Identified a +0 halberd
 19417 | Bailey   | Identified a +0 scale mail
 19427 | Bailey   | Identified a +0 trident
 19427 | Bailey   | Identified a +0 chain mail
 19428 | Bailey   | Identified a +0 glaive
 19428 | Bailey   | Identified a +0 ring mail
 19440 | Bailey   | Identified a +0 glaive
 19440 | Bailey   | Identified a +0 ring mail
 19441 | Bailey   | Identified a +0 trident
 19441 | Bailey   | Identified a +0 scale mail
 19451 | Bailey   | Identified a +0 trident
 19451 | Bailey   | Identified a +0 scale mail
 19452 | Bailey   | Identified a +0 halberd
 19452 | Bailey   | Identified a +0 chain mail
 19452 | Bailey   | Identified a +0 trident
 19452 | Bailey   | Identified a +0 scale mail
 19453 | Bailey   | Identified a +0 bardiche
 19453 | Bailey   | Identified a +0 ring mail
 19453 | Bailey   | Identified a +0 glaive
 19453 | Bailey   | Identified a +3 chain mail
 19454 | Bailey   | Identified a +0 spear
 19454 | Bailey   | Identified a +0 ring mail
 19455 | Bailey   | Identified a +0 halberd
 19455 | Bailey   | Identified a cursed +0 chain mail
 19481 | Bailey   | Identified a +0 halberd
 19481 | Bailey   | Identified a +0 ring mail
 19496 | Bailey   | Identified a +0 spear
 19496 | Bailey   | Identified a +0 ring mail
 19506 | Bailey   | Identified a +0 halberd
 19506 | Bailey   | Identified a +0 scale mail
 19520 | Bailey   | Identified a +0 spear
 19520 | Bailey   | Identified a +0 chain mail
 19533 | Bailey   | Identified a +0 spear
 19533 | Bailey   | Identified a +0 chain mail
 19539 | Bailey   | Identified a +0 halberd
 19539 | Bailey   | Identified a +0 chain mail
 19622 | Bailey   | Identified a +0 spear
 19622 | Bailey   | Identified a +0 ring mail
 19627 | Bailey   | Identified a +0 trident
 19627 | Bailey   | Identified a +0 scale mail
 19629 | Bailey   | Identified a +0 glaive
 19629 | Bailey   | Identified a cursed +0 ring mail
 19634 | Bailey   | Identified a +0 trident
 19634 | Bailey   | Identified a cursed +0 scale mail
 19634 | Bailey   | Identified a +0 halberd
 19634 | Bailey   | Identified a +0 chain mail
 19639 | Bailey   | Identified a +0 spear
 19639 | Bailey   | Identified a +0 scale mail
 20125 | D:11     | Identified a +2 dagger of venom
 20125 | D:11     | Noticed Sonja
 20130 | D:11     | Killed Sonja
 20144 | D:11     | Identified a +0 giant club
 20144 | D:11     | Identified a +0 giant club
 20293 | D:11     | Gained mutation: Your tail ends in a poisonous barb. [Green
                  | Draconian growth]
 20293 | D:11     | Reached XP level 14. HP: 113/113 MP: 21/21
 20443 | D:11     | Reached skill level 5 in Spellcasting
 20443 | D:11     | Reached skill level 4 in Transmutations
 20655 | D:11     | Identified a +0 shortbow
 20662 | D:11     | Identified a ring of strength (You found it in a bailey)
 20916 | D:11     | Identified a +0 giant club
 21053 | D:12     | Identified a +0 troll leather armour
 21162 | D:12     | Reached ****** piety under Hepliaklqana
 21211 | D:12     | HP: 24/114 [vampire (6)]
 21216 | D:12     | HP: 19/114 [vampire mosquito (9)]
 21227 | D:11     | HP: 11/114 [vampire mosquito (7)]
 21249 | D:11     | Identified a +0 dagger of draining
 21392 | D:12     | Identified a +0 club
 21392 | D:12     | Identified a +0 ring mail
 21529 | D:12     | Identified a cursed -1 mace
 21529 | D:12     | Identified a +0 ring mail
 21543 | D:12     | Identified a +0 dagger
 21561 | D:12     | Identified a +0 vampiric battleaxe
 21561 | D:12     | Identified a +0 plate armour
 21568 | D:12     | Identified a +0 war axe
 21568 | D:12     | Identified a +0 chain mail
 21575 | D:12     | Identified a +0 club
 21575 | D:12     | Identified a +0 leather armour
 21575 | D:12     | Identified an uncursed ring of fire
 21575 | D:12     | Identified a cursed -2 hand axe
 21618 | D:11     | Identified a +0 dagger of draining
 21737 | D:12     | Identified a cursed -1 club
 21790 | D:12     | Identified a +0 club
 21796 | D:12     | Identified a cursed +0 trident
 21796 | D:12     | Identified a +0 plate armour
 21809 | D:12     | Identified a +0 flail
 21809 | D:12     | Identified a +0 ring mail
 21815 | D:12     | Identified a +0 mace
 21819 | D:12     | Identified a +0 trident
 21842 | D:12     | Identified a +0 hand axe
 21844 | D:12     | Identified a ring of wizardry (You found it on level 11 of
                  | the Dungeon)
 21850 | D:12     | Identified a +0 hand axe
 21855 | D:12     | Found a roughly hewn altar of Beogh.
 21855 | D:12     | Identified a +0 dagger
 21855 | D:12     | Identified a +0 leather armour
 21855 | D:12     | Identified a +0 short sword
 21855 | D:12     | Identified a cursed +0 chain mail
 21856 | D:12     | Identified a +0 war axe
 21856 | D:12     | Identified a +0 plate armour
 21856 | D:12     | Identified a +0 flail
 21858 | D:12     | Found a staircase to the Orcish Mines.
 21858 | D:12     | Identified a +0 mace
 21858 | D:12     | Identified a +0 plate armour
 21858 | D:12     | Identified a +2 dagger of draining
 21859 | D:12     | Identified a +0 falchion
 21861 | D:12     | Identified a +0 whip
 21905 | D:12     | Identified a +0 whip
 21905 | D:12     | Identified a cursed +0 leather armour
 22013 | D:12     | Identified 2 scrolls of vulnerability
 22015 | D:12     | Identified a scroll of torment
 22052 | Orc:1    | Entered Level 1 of the Orcish Mines
 22063 | Orc:1    | Identified a +0 dire flail
 22063 | Orc:1    | Identified a +0 dire flail
 22078 | Orc:1    | Identified a +0 trident
 22078 | Orc:1    | Identified a +0 chain mail
 22097 | Orc:1    | Identified a +0 mace
 22192 | Orc:1    | Identified a +0 leather armour
 22255 | Orc:1    | Identified a +1 dagger of electrocution
 22255 | Orc:1    | Identified a +2 robe of magic resistance
 22255 | Orc:1    | Noticed Josephine
 22272 | Orc:1    | Killed Josephine
 22309 | Orc:1    | Identified a +0 dagger of draining
 22558 | Orc:1    | Found a roughly hewn altar of Beogh.
 22563 | Orc:1    | Identified a +0 giant spiked club
 22635 | Orc:1    | Identified a +0 club
 22663 | Orc:1    | Identified a +0 halberd
 22663 | Orc:1    | Identified a cursed +0 plate armour
 22665 | Orc:1    | Identified a +0 dagger
 22665 | Orc:1    | Identified a +0 robe
 22666 | Orc:1    | Identified a +0 trident
 22666 | Orc:1    | Identified a +0 chain mail
 22668 | Orc:1    | Identified a +0 club
 22898 | Orc:1    | Identified a +0 giant spiked club
 22898 | Orc:1    | Identified a +0 giant club
 23084 | Orc:1    | Identified a cursed -3 giant club
 23084 | Orc:1    | Identified a +0 giant club
 23084 | Orc:1    | Identified a +0 giant club
 23085 | Orc:1    | Identified a +0 giant spiked club
 23086 | Orc:1    | Identified a +0 giant club
 23086 | Orc:1    | Identified a +0 giant club
 23103 | Orc:1    | Reached skill level 12 in Shields
 23218 | Orc:1    | Identified a +0 dagger
 23218 | Orc:1    | Identified a +0 robe
 23220 | Orc:1    | Identified a +0 morningstar
 23220 | Orc:1    | Identified a +0 chain mail
 23222 | Orc:1    | Identified a +0 trident
 23222 | Orc:1    | Identified a +0 plate armour
 23224 | Orc:1    | Identified a +0 short sword
 23352 | Orc:1    | Noticed a stone giant
 23352 | Orc:1    | Identified a +2 vorpal great mace
 23352 | Orc:1    | Identified a +0 dire flail
 23377 | Orc:1    | Killed a stone giant
 23380 | Orc:1    | Reached skill level 5 in Transmutations
 23418 | Orc:1    | Identified a +0 dagger of draining
 23537 | Orc:1    | Identified a ring of resist corrosion (You found it on
                  | level 1 of the Orcish Mines)
 23539 | Orc:1    | Identified a ring of protection (You found it on level 1 of
                  | the Orcish Mines)
 23544 | Orc:1    | Got an ancient gossamer ring
 23546 | Orc:1    | Identified the ring of Zitoorhy {Wiz Str+3} (You found it
                  | on level 1 of the Orcish Mines)
 23559 | Orc:1    | Found the cursed +14 obsidian axe {vorpal, +Fly SInv
                  | *Curse}
 23826 | Orc:1    | Identified a +1 rapier of holy wrath (You found it on level
                  | 1 of the Orcish Mines)
 23828 | Orc:1    | Identified a scroll of random uselessness
 23830 | Orc:1    | Identified a scroll of acquirement
 23833 | Orc:1    | Identified a +2 long sword of electrocution (You found it
                  | on level 1 of the Orcish Mines)
 23893 | Orc:2    | Entered Level 2 of the Orcish Mines
 23893 | Orc:2    | Identified a +0 dagger
 23893 | Orc:2    | Identified a +1 robe of magic resistance
 23895 | Orc:2    | Identified a +0 shortbow
 23897 | Orc:2    | Identified a +0 shortbow
 23899 | Orc:2    | Identified a +0 short sword
 23899 | Orc:2    | Identified a +0 chain mail
 23899 | Orc:2    | Identified a +0 mace
 23899 | Orc:2    | Identified a +0 arbalest
 23900 | Orc:2    | Identified a +0 dagger
 23900 | Orc:2    | Identified a +0 robe
 23900 | Orc:2    | Identified a +0 shortbow
 23900 | Orc:2    | Identified a +0 shortbow
 23901 | Orc:2    | Identified a +0 shortbow
 23902 | Orc:2    | Identified a +0 shortbow
 23906 | Orc:2    | Identified a +0 glaive
 23906 | Orc:2    | Identified a +0 arbalest
 23908 | Orc:2    | Identified a +2 mace of protection
 23908 | Orc:2    | Identified a +0 leather armour
 23908 | Orc:2    | Identified a +0 dagger
 23908 | Orc:2    | Identified a +0 robe
 23909 | Orc:2    | Identified a +3 battleaxe
 23909 | Orc:2    | Identified a +0 arbalest
 23911 | Orc:2    | Identified a +3 long sword of holy wrath
 23911 | Orc:2    | Identified a +0 chain mail
 23915 | Orc:2    | Identified a +0 mace
 23915 | Orc:2    | Identified a +0 chain mail
 23916 | Orc:2    | Identified a +0 short sword
 23916 | Orc:2    | Identified a +0 plate armour
 23917 | Orc:2    | Identified a +0 broad axe
 23917 | Orc:2    | Identified a +0 arbalest
 23917 | Orc:2    | Identified a +0 battleaxe
 23917 | Orc:2    | Identified a +0 plate armour
 23918 | Orc:2    | Identified a +0 shortbow
 23926 | Orc:2    | Identified a +0 battleaxe
 23926 | Orc:2    | Identified a +0 arbalest
 23966 | Orc:1    | Identified a +0 dagger of draining
 24004 | Orc:2    | Identified a +0 glaive
 24004 | Orc:2    | Identified a +0 plate armour
 24004 | Orc:2    | Identified a +0 battleaxe
 24004 | Orc:2    | Identified a +0 plate armour
 24040 | Orc:2    | Identified a +0 great mace
 24040 | Orc:2    | Identified a +0 arbalest
 24041 | Orc:2    | Identified a +0 glaive
 24041 | Orc:2    | Identified a +0 chain mail
 24042 | Orc:2    | Identified a +0 mace
 24042 | Orc:2    | Identified a +0 arbalest
 24042 | Orc:2    | Identified a +0 hand axe
 24042 | Orc:2    | Identified a +0 arbalest
 24044 | Orc:2    | Identified a +0 short sword
 24044 | Orc:2    | Identified a +0 chain mail
 24044 | Orc:2    | Identified a +0 hand axe
 24044 | Orc:2    | Identified a +0 arbalest
 24045 | Orc:2    | Identified a +0 great mace
 24045 | Orc:2    | Identified a +0 arbalest
 24046 | Orc:2    | Reached skill level 13 in Fighting
 24061 | Orc:2    | Identified a +3 trident
 24061 | Orc:2    | Identified a +0 arbalest
 24062 | Orc:2    | Identified a +0 broad axe
 24062 | Orc:2    | Identified a +0 arbalest
 24063 | Orc:2    | Identified a +0 broad axe
 24063 | Orc:2    | Identified a +0 arbalest
 24124 | Orc:2    | Identified a +0 battleaxe
 24124 | Orc:2    | Identified a +0 chain mail
 24138 | Orc:2    | Identified a +0 hand axe
 24138 | Orc:2    | Identified a +0 arbalest
 24162 | Orc:2    | Found a staircase to the Elven Halls.
 24185 | Orc:2    | Identified a cursed +0 club
 24186 | Orc:2    | Identified a +0 short sword
 24186 | Orc:2    | Identified a +0 chain mail
 24187 | Orc:2    | Identified a +2 dagger of venom
 24187 | Orc:2    | Identified a cursed +0 ring mail
 24244 | Orc:2    | Identified a +0 whip
 24244 | Orc:2    | Identified a +0 flail
 24244 | Orc:2    | Identified a +0 ring mail
 24245 | Orc:2    | Identified a +0 mace
 24245 | Orc:2    | Identified a +0 scale mail
 24287 | Orc:2    | Identified a +0 shortbow
 24288 | Orc:2    | Identified a +0 shortbow
 24289 | Orc:2    | Identified a +0 shortbow
 24289 | Orc:2    | Identified a +0 shortbow
 24289 | Orc:2    | Identified a +0 hand axe
 24289 | Orc:2    | Identified a +0 arbalest
 24290 | Orc:2    | Identified a +0 shortbow
 24291 | Orc:2    | Identified a +0 longbow
 24291 | Orc:2    | Identified a +0 broad axe
 24291 | Orc:2    | Identified a +0 arbalest
 24293 | Orc:2    | Identified a +0 broad axe
 24293 | Orc:2    | Identified a +0 arbalest
 24294 | Orc:2    | Identified a +0 shortbow
 24294 | Orc:2    | Identified a +0 broad axe
 24294 | Orc:2    | Identified a +0 arbalest
 24294 | Orc:2    | Identified a +0 mace
 24294 | Orc:2    | Identified a +0 arbalest
 24295 | Orc:2    | Identified a +0 battleaxe
 24295 | Orc:2    | Identified a +0 arbalest
 24313 | Orc:2    | Reached skill level 12 in Long Blades
 24363 | Orc:1    | Identified a +0 dagger of draining
 24596 | Orc:2    | Found Kuad's Weapon Shoppe.
 24596 | Orc:2    | Found Tibafemm's Food Shop.
 24598 | Orc:2    | Found Lukomulu's Distillery.
 24600 | Orc:2    | Found Racezamu's Magic Scroll Emporium.
 24607 | Orc:2    | Bought a potion of heal wounds for 85 gold pieces
 24612 | Orc:2    | Bought a scroll of enchant armour for 82 gold pieces
 24612 | Orc:2    | Bought a scroll of teleportation for 33 gold pieces
 24612 | Orc:2    | Bought a scroll of silence for 82 gold pieces
 24896 | D:9      | Acquired 350 gold pieces
 24956 | D:13     | Identified a +2 eveningstar of protection
 24956 | D:13     | Identified a +1 chain mail of poison resistance
 24956 | D:13     | Noticed Urug
 24959 | D:13     | Identified a +0 war axe
 24959 | D:13     | Identified a +0 leather armour
 24971 | D:13     | Killed Urug
 25012 | D:13     | Identified a +0 dagger of draining
 25066 | D:13     | Found the +8 lance "Wyrmbane" {slay drac, rPois rF+ rC+
                  | AC+3}
 25066 | D:13     | Identified a +0 arbalest
 25067 | D:13     | Found the brooch of Shielding {Spirit SH+8}
 25073 | D:13     | Identified a +0 buckler
 25080 | D:13     | Reached skill level 6 in Spellcasting
 25085 | D:13     | HP: 18/116 [crystal guardian/crystal bolt (19)]
 25089 | D:13     | HP: 4/116 [crystal guardian/crystal bolt (9)]
 25302 | D:13     | HP: 29/116 [crystal guardian/crystal bolt (4)]
 25336 | D:12     | Identified a +0 dagger of draining
 25464 | D:13     | Reached XP level 15. HP: 122/122 MP: 24/24
 25476 | D:13     | Got a vibrating pewter ring
 25480 | D:13     | Got a smoking long sword
 25481 | D:13     | Identified the +7 long sword of the Smoking Seer {freeze,
                  | rElec} (You found it on level 13 of the Dungeon)
 25603 | D:13     | Identified a +2 mace of protection
 25619 | D:13     | Reached skill level 11 in Dodging
 25836 | D:13     | Identified a +0 shortbow
 25908 | D:13     | Identified a +0 flail
 26055 | D:13     | Identified a cursed +0 falchion
 26055 | D:13     | Identified a +0 leather armour
 26075 | D:13     | Identified a +2 hand axe of flaming
 26075 | D:13     | Identified a +0 leather armour
 26075 | D:13     | Noticed Frances
 26076 | D:13     | Identified a +0 hand axe
 26076 | D:13     | Identified a +0 leather armour
 26076 | D:13     | Identified a cursed -1 hand axe
 26076 | D:13     | Identified a +0 robe
 26076 | D:13     | Identified a +2 vorpal hand axe
 26076 | D:13     | Identified a +0 robe
 26119 | D:13     | HP: 27/122 [Frances/iron shot (12)]
 26120 | D:13     | HP: 1/122 [Frances/shard of ice (27)]
 26121 | D:13     | Killed from afar by a meliai

Table legend:
 A = Turns spent in this place as a percentage of turns spent in the entire game.
 B = Non-inter-level travel turns spent in this place as a percentage of non-inter-level travel turns spent in the entire game.
 C = Inter-level travel turns spent in this place as a percentage of turns spent in this place.
 D = Turns resting spent in this place as a percentage of non-inter-level travel turns spent in this place.
 E = Turns spent auto-exploring this place as a percentage of non-inter-level travel turns spent in this place.
 F = Non-inter-level travel turns spent in this place divided by the number of levels of this place that you've seen.
                   A       B       C       D       E      F
               +-------+-------+-------+-------+-------+----------------------
         Total | 100.0 | 100.0 |   5.3 |  21.8 |  56.7 | 1124.9
       Dungeon |  58.5 |  58.1 |   6.0 |  24.8 |  55.8 | 1105.6
          Lair |  27.6 |  27.9 |   4.3 |  16.1 |  62.1 | 1149.5
  Orcish Mines |  10.6 |  10.6 |   5.1 |  24.2 |  48.6 | 1309.0
        Bailey |   3.3 |   3.5 |   0.0 |  10.9 |  53.3 | 860.0
               +-------+-------+-------+-------+-------+----------------------

Table legend:
 A = Kills in this place as a percentage of kills in entire the game.
 B = Kills by you in this place as a percentage of kills by you in the entire game.
 C = Kills by friends in this place as a percentage of kills by friends in the entire game.
 D = Other kills in this place as a percentage of other kills in the entire game.
 E = Experience gained in this place as a percentage of experience gained in the entire game.
 F = Experience gained in this place divided by the number of levels of this place that you have seen.
                   A       B       C       D       E      F
               +-------+-------+-------+-------+-------+----------------------
         Total | 100.0 | 100.0 | 100.0 | 100.0 | 100.0 | 4942.4
       Dungeon |  51.8 |  51.8 |  58.0 |   6.7 |  33.7 | 2819.0
          Lair |  28.8 |  28.9 |  28.6 |  26.7 |  43.5 | 7876.5
  Orcish Mines |  14.3 |  15.3 |   7.1 |  26.7 |  20.8 | 11283.5
        Bailey |   5.1 |   4.0 |   6.2 |  40.0 |   2.1 | 2260.0
               +-------+-------+-------+-------+-------+----------------------

Skill      XL: |  1  2  3  4  5  6  7  8  9 10 11 12 13 14 15 |
---------------+----------------------------------------------+-----
Dodging        | 3 4 5 6 7 8 9 10 11 | 11.0
Fighting       | 4 5 6 7 9 10 11 12 13 | 13.3
Long Blades    | 3 4 5 6 7 9 10 11 12 | 12.2
Invocations    | 1 2 3 5 6 7 8 9 10 | 10.8
Shields        | 4 5 6 7 8 9 10 11 12 | 12.5
Spellcasting   | 2 3 4 6 |  6.1
Transmutations | 2 3 5 |  5.5
Throwing       | |  0.3

Action                   |  1- 3 |  4- 6 |  7- 9 | 10-12 | 13-15 || total
-------------------------+-------+-------+-------+-------+-------++-------
Melee: Long sword        |   103 |   117 |   358 |   111 |    75 ||   764
       Tailslap          |     9 |    13 |    59 |    83 |   137 ||   301
       Scimitar          |       |       |       |   441 |   706 ||  1147
       Short sword       |       |       |       |    18 |    58 ||    76
       Rapier            |       |       |       |       |     4 ||     4
 Fire: Hunting sling     |       |     2 |       |       |       ||     2
Throw: Stone             |       |    26 |     4 |       |       ||    30
       Dart              |       |     7 |    13 |       |       ||    20
       Boomerang         |       |       |    44 |   123 |   142 ||   309
       Javelin           |       |       |       |       |    16 ||    16
Invok: Ancestor Life: He |       |       |     1 |       |       ||     1
 Abil: Breathe Noxious F |       |       |     1 |     7 |    10 ||    18
Evoke: Wand              |       |       |       |       |    10 ||    10
       Tin of tremorston |       |       |       |       |     1 ||     1
  Use: Scroll            |       |     6 |     2 |     7 |    24 ||    39
       Potion            |       |       |       |     2 |     3 ||     5
 Stab: Distracted        |       |     1 |     1 |     5 |     8 ||    15
       Paralysed         |       |       |     2 |       |    10 ||    12
       Confused          |       |       |       |     7 |    10 ||    17
  Eat: Chunk             |     2 |     8 |     8 |    19 |    21 ||    58
       Ration            |       |     1 |     3 |     1 |     4 ||     9
Armor: Skin              |    36 |    25 |    88 |    85 |   107 ||   341
Dodge: Dodged            |    47 |    35 |   201 |   193 |   267 ||   743
Block: Kite shield       |    51 |    55 |   260 |   115 |       ||   481
       Reflection        |       |       |     2 |     3 |    93 ||    98
       Tower shield      |       |       |       |   468 |  1021 ||  1489
       Rpst.: Long sword |     9 |    12 |    61 |    12 |       ||    94
       Scimitar          |       |       |       |    45 |    44 ||    89

Vanquished Creatures
  Rupert (Lair:4)
  A stone giant (Orc:1)
  2 dire elephants (Lair:6)
  2 ettins (Orc:1)
  A crystal guardian (D:13)
  A yaktaur captain (D:13)
  Josephine (Orc:1)
  4 hydras
  A centaur warrior (Orc:2)
  An anaconda (Lair:6)
  3 two-headed ogres
  Urug (D:13)
  Sonja (D:11)
  2 unseen horrors (D:13)
  2 orc knights (Orc:2)
  15 cyclopes
  An orc sorcerer (Orc:2)
  2 manticores
  5 ugly things
  An elephant (Lair:6)
  4 black mambas
  8 spiny frogs
  A gargoyle (D:13)
  4 komodo dragons
  2 rime drakes
  2 polar bears
  Prince Ribbit (D:6)
  3 trolls
  3 meliai (D:13)
  2 hornets
  5 blink frogs
  7 dream sheep (Lair:6)
  9 hippogriffs
  A shadow (D:12)
  Eustachio (D:5)
  A water elemental (D:13)
  3 wraiths (Orc:1)
  2 vampires (D:12)
  2 wyverns
  3 basilisks
  36 yaks
  2 hungry ghosts
  7 vampire mosquitoes
  4 wargs (Orc:1)
  A naga (Lair:4)
  2 soldier ants
  13 water moccasins
  6 porcupines
  4 ice beasts
  Duvessa (D:6)
  3 sky beasts
  37 orc warriors
  2 eyes of draining
  2 black bears
  2 phantoms
  10 ogres
  6 necrophages
  20 centaurs
  10 wolves
  7 crocodiles
  2 big kobolds
  16 bullfrogs
  A wyvern zombie (D:12)
  2 scorpions (D:11)
  Dowan (D:6)
  41 killer bees (Lair:2)
  4 howler monkeys
  3 vampire bats (D:5)
  3 electric eels
  A crimson imp (D:6)
  8 orc priests
  3 bullfrog skeletons
  12 hounds
  4 orc wizards
  2 hell rats (Lair:1)
  8 worker ants
  A killer bee zombie (D:6)
  A hound zombie (D:9)
  4 worker ant zombies
  9 gnolls
  5 river rats (Lair:1)
  9 adders
  A shadow imp (D:5)
  An ooze (D:2)
  3 adder zombies
  An adder skeleton (D:4)
  A worm (D:2)
  A dart slug (D:2)
  3 leopard geckos
  75 orcs
  12 bats
  9 giant cockroaches
  18 goblins
  10 hobgoblins
  16 jackals
  4 quokkas
  4 frilled lizards
  13 kobolds
  2 leopard gecko skeletons
  A quokka zombie (D:6)
  6 rats
  A fungus (Lair:4)
  4 plants (Lair:6)
613 creatures vanquished.

Vanquished Creatures (collateral kills)
  A dire elephant (Lair:6)
  Snorg (Lair:4)
  2 hydras
  A centaur warrior (D:13)
  A two-headed ogre (D:11)
  An orc knight (D:12)
  An orb spider (shapeshifter) (D:13)
  3 elephants (Lair:6)
  2 black mambas
  2 spiny frogs
  A gargoyle (D:13)
  A rime drake (Lair:6)
  2 trolls (D:9)
  2 blink frogs (Lair:6)
  A hippogriff (D:9)
  A shadow (D:11)
  A redback (shapeshifter) (D:13)
  A wyvern (Lair:4)
  6 yaks
  A hungry ghost (D:13)
  A warg (Orc:1)
  A porcupine (Lair:1)
  A water moccasin (Lair:5)
  4 orc warriors
  2 ice beasts
  A sky beast (D:5)
  A wolf (D:9)
  3 ogres
  4 centaurs
  2 crocodiles
  A big kobold (D:9)
  4 bullfrogs
  A scorpion (D:8)
  5 killer bees (Lair:2)
  A jelly (D:7)
  4 electric eels
  2 crimson imps
  3 orc priests
  A hound (D:5)
  5 orc wizards
  A worker ant (D:7)
  A hound skeleton (D:8)
  2 gnolls
  2 river rats (Lair:1)
  A shadow imp (D:5)
  An adder skeleton (D:4)
  A leopard gecko (D:7)
  15 orcs
  2 bats (D:5)
  A giant cockroach (D:4)
  A goblin (D:11)
  4 jackals
  A kobold (D:11)
112 creatures vanquished.

Vanquished Creatures (others)
  A tengu conjurer (D:13)
  3 centaurs
  A quasit (D:13)
  17 hexers
  3 ancestors
  2 bushes (Lair:4)
  4 fungi
  16 plants
47 creatures vanquished.

Grand Total: 772 creatures vanquished
